 Dungeon Crawl Stone Soup version 0.24-a0-201-gf205589 (webtiles) character file.

Game seed: 17325427592100024261

43 Borgoz the Covered (level 3, 0/25 HPs)
             Began as a Halfling Fighter on Mar 24, 2019.
             Slain by a gnoll (1 damage)
             ... on level 2 of the Dungeon.
             The game lasted 00:01:35 (1285 turns).

Borgoz the Covered (Halfling Fighter)               Turns: 1285, Time: 00:01:35

Health: 0/25       AC:  6    Str: 22    XL:     3   Next: 82%
Magic:  3/3        EV: 12    Int:  7    God:
Gold:   91         SH:  0    Dex: 13    Spells: 2/2 levels left

rFire    . . .     SeeInvis .   a - +0 rapier
rCold    . . .     Gourm    .   (shield restricted)
rNeg     . . .     Faith    .   b - +0 scale mail
rPois    .         Spirit   .   (no helmet)
rElec    .         Reflect  .   (no cloak)
rCorr    .         Harm     .   (no gloves)
MR       .....                  (no boots)
Stlth    ..........             (no amulet)
HPRegen  0.08/turn              (no ring)
MPRegen  0.08/turn              (no ring)

@: mighty, flying
A: small, mutation resistance 1
a: no special abilities


You were on level 2 of the Dungeon.
You were very hungry.

You visited 1 branch of the dungeon, and saw 2 of its levels.

You collected 91 gold pieces.

Inventory:

Hand Weapons
 a - a +0 rapier (weapon)
Armour
 b - a +0 scale mail (worn)
 c - a +0 shield
Scrolls
 e - 2 scrolls of teleportation {unknown}
 g - 3 scrolls of identify {unknown}
 h - a scroll of noise {unknown}
 j - 2 scrolls of remove curse {unknown}
 k - 3 scrolls of fog {unknown}
Comestibles
 f - 8 rations


   Skills:
 + Level 2.7 Fighting
 * Level 3.2 Short Blades
 + Level 0.7 Throwing
 * Level 3.4 Armour
 * Level 1.4 Dodging
 + Level 0.5 Stealth
 + Level 3.4 Shields
 + Level 0.3 Spellcasting


You had 2 spell levels left.
You didn't know any spells.
Your spell library was empty.

Dungeon Overview and Level Annotations

Branches:
Dungeon (2/15)

Altars:


Innate Abilities, Weirdness & Mutations

You are small and have problems with some larger weapons.
You are somewhat resistant to further mutation.


Message History

You are too injured to fight recklessly!
It was a potion of flight.
You feel very buoyant.
You fly up into the air.
The quokka bites you but does no damage.
The gnoll hits you from afar with a +0 halberd.
* * * LOW HITPOINT WARNING * * *
The gnoll hits you but does no damage.
The gnoll hits you from afar with a +0 spear.
* * * LOW HITPOINT WARNING * * *
The quokka barely misses you.
You feel very mighty all of a sudden. The quokka closely misses you.
The gnoll closely misses you. The gnoll barely misses you.
The gnoll hits you from afar with a +0 spear.
* * * LOW HITPOINT WARNING * * *
You closely miss the gnoll.
The quokka bites you but does no damage.
The gnoll hits you.
You die...

......#####.#.##.##.#
#.........#
#####............##.#
######.#...
#####.###.#####.#
#.#.##
####.###.......#
#.....
#.............##
#.....
#.##.##..####..#
###.## #....>.....#.#
#... #.##..###.###..
#### # #...)@..# ###
$...##r.g#.#
......gg.###
#.#...... #......[
#..>....# #.......#
#.......#


You could see 3 gnolls and a quokka.

Vanquished Creatures
  A gnoll (D:2)
  A dart slug (D:2)
  A giant cockroach (D:1)
  A goblin (D:1)
  5 hobgoblins
  6 jackals (D:1)
  3 kobolds (D:1)
  4 bats (D:1)
  3 frilled lizards (D:1)
  4 rats (D:1)
29 creatures vanquished.

Notes
Turn   | Place    | Note
-------+----------+-------------------------------------------
     0 | D:1      | Borgoz the Halfling Fighter began the quest for the Orb.
     0 | D:1      | Reached XP level 1. HP: 15/15 MP: 1/1
   187 | D:1      | Reached XP level 2. HP: 19/20 MP: 2/2
   248 | D:1      | Reached skill level 1 in Dodging
   495 | D:1      | Reached XP level 3. HP: 25/25 MP: 3/3
   588 | D:1      | You fall through a shaft!
  1284 | D:2      | HP: 1/25 [gnoll/+0 spear (1)]
  1285 | D:2      | Slain by a gnoll

Levels and vault maps discovered:
D:1:      beargit_arrival_greenhouse, layout_basic
D:2:      layout_loops_cross

Skill      XL: |  1  2  3 |
---------------+----------+-----
Dodging        | 1 |  1.4
Short Blades   | 3 |  3.2
Fighting       | |  2.7
Throwing       | |  0.7
Armour         | |  3.4
Stealth        | |  0.5
Shields        | |  3.4
Spellcasting   | |  0.3

Action                   || total
-------------------------++-------
Melee: Rapier            ||   106
  Use: Potion            ||     2
Armor: Scale mail        ||    57
Dodge: Dodged            ||   129

Table legend:
 A = Non-vault XP
 B = Vault XP
 C = Vault XP percentage of total XP
 D = Non-vault monster count
 E = Vault monster count
 F = Vault count percentage of total count
                 A         B        C        D         E       F
            +---------+---------+-------+---------+---------+-------
      Total |      62 |       0 |   0.0 |      29 |       0 |   0.0
            +---------+---------+-------+---------+---------+-------
        D:1 |      40 |       0 |   0.0 |      25 |       0 |   0.0
        D:2 |      22 |       0 |   0.0 |       4 |       0 |   0.0
            +---------+---------+-------+---------+---------+-------
